 Dungeon Crawl Stone Soup version 0.19-a0-1654-g9d3f708 (webtiles) character file.

235 st0uf the Digger (level 6, -7/32 HPs)
             Began as a Gargoyle Earth Elementalist on Sept 20, 2016.
             Mangled by Amnesiac's ghost (10 damage)
             ... on level 4 of the Dungeon.
             The game lasted 00:14:40 (3049 turns).

st0uf the Digger (Gargoyle Earth Elementalist)      Turns: 3049, Time: 00:14:41

Health: -7/32      AC:  6    Str: 12    XL:     6   Next: 6%
Magic:  7/12       EV: 12    Int: 17    God:
Gold:   137        SH:  0    Dex: 10    Spells: 2 memorised, 9 levels left

rFire  . . .     SeeInvis .     b - 92 stones
rCold  . . .     Gourm    .     q - +0 robe (curse)
rNeg   + . .     Faith    .     (no shield)
rPois  ∞         Spirit   .     (no helmet)
rElec  +         Dismiss  .     (no cloak)
rCorr  .         Reflect  .     (no gloves)
MR     .....     Harm     .     (no boots)
Stlth  ++........               (no amulet)
                                (no ring)
                                (no ring)

@: no status effects
A: negative energy resistance 1, electricity resistance, unbreathing,
petrification resistance, rot immunity, AC +4
a: no special abilities


You were on level 4 of the Dungeon.
You were not hungry.

You visited 1 branch of the dungeon, and saw 4 of its levels.

You collected 137 gold pieces.

Inventory:

Missiles
 b - 92 stones (in hand)
Armour
 c - a +0 robe
 q - a cursed +0 robe (worn)
Wands
 x - a wand of lightning (7/15)
Scrolls
 a - a scroll of immolation {unknown}
 i - 7 scrolls of identify {unknown}
 j - 2 scrolls of teleportation {unknown}
 n - a scroll of noise {unknown}
 o - a scroll of recharging {unknown}
 v - a scroll of blinking {unknown}
 y - a scroll of enchant armour {unknown}
Potions
 g - 2 potions of degeneration {unknown}
 h - a potion of agility {unknown}
 k - a potion of brilliance {unknown}
 l - a potion of might {unknown}
 m - a potion of flight {unknown}
 s - a potion of lignification {unknown}
 t - a potion of berserk rage {unknown}
 u - a potion of mutation {unknown}
 w - a potion of haste {unknown}
Books
 e - a book of Geomancy

   Spells                             Type                      Level
   a - Sandblast                      Earth                        1
   b - Passwall                       Transmutation/Earth          2
   c - Stone Arrow                    Conjuration/Earth            3
   d - Petrify                        Transmutation/Earth          4
   e - Lee's Rapid Deconstruction     Earth                        5
Comestibles
 d - 2 bread rations
 f - 2 chunks of flesh
 p - 3 meat rations
 r - 3 fruits
 z - a beef jerky


   Skills:
 - Level 1.5 Dodging
 - Level 2.1 Stealth
 * Level 4.3 Spellcasting
 + Level 1.6 Conjurations
   Level 0.7 Transmutations
 + Level 5.4 Earth Magic


You had 9 spell levels left.
You knew the following spells:

 Your Spells              Type           Power        Failure   Level  Hunger
a - Sandblast             Erth           ###...       1%          1    None
b - Stone Arrow           Conj/Erth      ###...       12%         3    ###....


Dungeon Overview and Level Annotations

Branches:
Dungeon (4/15)
 Temple: D:4-7

Altars:
Hepliaklqana
Nemelex Xobeh
Trog
Xom
Yredelemnul

Annotations:
D:4 Amnesiac's ghost, amateur KoAr


Innate Abilities, Weirdness & Mutations

You are resistant to torment.
Your stone body is resilient. (AC +4)
You are immune to poison.
You resist negative energy. (rN+)
You are resistant to electric shocks. (rElec)
You can survive without breathing.
You are immune to petrification.
You are immune to rotting.


Message History

Amnesiac's ghost hits you!
Casting: Sandblast
Confirm with . or Enter, or press ? or * to list all spells.
Aiming: Sandblast
Press: ? - help, Shift-Dir - straight line, f/p - Amnesiac's ghost
Aim: Amnesiac's ghost (lightly damaged)
The rocky blast hits Amnesiac's ghost.
Amnesiac's ghost is lightly damaged.
Amnesiac's ghost hits you!
Casting: Sandblast
Confirm with . or Enter, or press ? or * to list all spells.
Aiming: Sandblast
Press: ? - help, Shift-Dir - straight line, f/p - Amnesiac's ghost
Aim: Amnesiac's ghost (lightly damaged)
The rocky blast hits Amnesiac's ghost.
Amnesiac's ghost is moderately damaged.
Amnesiac's ghost hits you!
* * * LOW HITPOINT WARNING * * *
Amnesiac's ghost hits you!
You die...

.......÷....'.........+
####.#...####.........#
# #.##.## ##.......# #
#.#### ##.....## # #W.#
##...## # ##.# ##'## #
#.# #.# #
#.###########)###
#####..........W@...#
#........####..#....#
#.###..#.# #.......# #.#
#..#.####.......########
#.#
#.......................
#.#
##.#.####..####.########
#.####.#.# #.......#
#........####..####.#
######..............#


You could see Amnesiac's ghost.

Vanquished Creatures
  An orc priest (D:3)
  Jessica (D:3)
  A worker ant (D:4)
  4 adders
  5 worms
  A dart slug (D:1)
  5 leopard geckos
  4 orcs (D:3)
  8 giant cockroaches
  6 goblins
  11 hobgoblins
  7 jackals
  2 quokkas (D:3)
  15 bats
  7 frilled lizards
  9 kobolds
  8 rats
95 creatures vanquished.

Notes
Turn   | Place    | Note
-------+----------+-------------------------------------------
     0 | D:1      | st0uf the Gargoyle Earth Elementalist began the quest for the Orb.
     0 | D:1      | Reached XP level 1. HP: 10/10 MP: 3/3
   219 | D:1      | Reached XP level 2. HP: 14/15 MP: 0/5
   373 | D:1      | Found a sparkling altar of Nemelex Xobeh.
   376 | D:1      | Reached skill level 4 in Earth Magic
   560 | D:1      | Reached XP level 3. HP: 19/19 MP: 2/7
  1323 | D:2      | Reached XP level 4. HP: 24/24 MP: 6/8
  1363 | D:2      | Learned a level 3 spell: Stone Arrow
  1481 | D:2      | Found a basalt altar of Yredelemnul.
  1844 | D:3      | Noticed Jessica
  1848 | D:3      | Killed Jessica
  1848 | D:3      | Reached skill level 5 in Earth Magic
  1848 | D:3      | Reached XP level 5. HP: 28/28 MP: 8/10
  2011 | D:3      | Found a bloodstained altar of Trog.
  2106 | D:3      | Found a hazy altar of Hepliaklqana.
  2107 | D:3      | Found a shimmering altar of Xom.
  2108 | D:3      | Noticed a spectral ugly thing
  2228 | D:3      | Reached skill level 1 in Conjurations
  2951 | D:4      | Reached XP level 6. HP: 26/32 MP: 7/12
  3027 | D:4      | Noticed Amnesiac's ghost (amateur KoAr)
  3049 | D:4      | Mangled by Amnesiac's ghost

Vault maps used:
D:1:      minmay_arrival_wavy_path, kennysheep_flooded_box
D:2:      lemuel_round_altar, kennysheep_generic_room_3
D:3:      regret_index_temple_of_mockery, trog_butcher_becter, uniq_jessica
D:4:      first_bread, serial_glass, glass_columns_c, glass_columns_a,
          uniq_menkaure, uniq_duvessa

Skill      XL: |  1  2  3  4  5 |
---------------+----------------+-----
Earth Magic    | 4 5 |  5.4
Spellcasting   | 3 4 |  4.3
Conjurations   | 1 |  1.6
Dodging        | |  1.5
Stealth        | |  2.1
Transmutations | |  0.7

Action                   |  1- 3 |  4- 6 || total
-------------------------+-------+-------++-------
Melee: Unarmed           |    19 |    15 ||    34
 Cast: Sandblast         |    74 |   118 ||   192
  Eat: Chunk             |     2 |     5 ||     7
Armor: Robe              |    32 |    22 ||    54
Dodge: Dodged            |    43 |    24 ||    67
